Unix NetHack Version 3.7.0-95 Work-in-progress - last build Jan 1 2024 20:51:50 (6a0ccc5fa2390e420dd2d488a2f9488d2ae3a63b,branch:master). Game began 2024-01-12 20:34:56, ended 2024-01-15 14:11:05. cyc, chaotic female orcish Ranger ---- -- ------ |..-- --.-- ----- -.|.. ----..<| |...| ---...| --- ... --.|....--- -..| |.....--- ----..| ...- |.........| --.| --.......--- |.....| -...|# |......[..---|.| |..........----- --....- |...#-- ---.........|#.| |..............--- |....- ----.....| - --.-....).#-.-- -..............| --...| ..@.....|.-- |..*.....^...| ###..--........--- |..-- ..........--- -- ---.)--.-#.....| |.--|..........-- |.-- #.........|...| |.^..##..|-....-- |.# #.|...#-#...| |.| |............-- --..[..|-.|---...-- --.|#-.#..#- |.#.# -#---.| #--.^....-......| |...*..||.| |.|..# |..||..|--- |.-#|-#.....# -#-.......+......- |......||.-- |.|-.| |.---.-- |...||......--- ##...............-- --...---|...--.|#.| --.....| ---.---.......| |.............-- - |.-#- --.....#|.--- --.....-| |...........----^...........-- ---.| --....||...| |.......| ----........................- --...| ---.-----.---.......| --....------............0.| |...-- #- |...........| |.....| |......----....-- -#^.| --..----.|.-- --.|.-- --.----- --.-- ---- ---- ---- ----- --- -- Cyc the Lookout St:15 Dx:11 Co:15 In:13 Wi:16 Ch:7 Chaotic S:402 Dlvl:3 $:20 HP:0(25) Pw:8(8) AC:3 Xp:3/68 T:1795 Blind Deaf Latest messages: You feel something move nearby. You feel something move nearby. You feel something move nearby. You feel something move nearby. You feel something move nearby. You feel something move nearby. You feel something move nearby. You feel something move nearby. You feel something move nearby. You feel something move nearby. You finish your prayer. You feel that Mars is well-pleased. You feel much better. You try to feel what is lying here on the floor. You feel here a towel. It bites! What do you want to wield? [- a-dknDLTX or ?*] b - a +1 orcish bow (weapon in right hand). d - a blessed +1 orcish dagger (alternate weapon; not wielded). It misses! It misses! It bites! It misses! It misses! Wait! There's something there you can't see! It bites! It bites! It bites! It just misses! In what direction? You kill it! It just misses! It misses! It misses! Wait! There's something there you can't see! It bites! It bites! It bites! In what direction? The dagger hits it. It just misses! It misses! It bites! It bites! In what direction? The dagger hits it. It misses! It hits! You die... Do you want your possessions identified? [ynq] (y) Inventory: Coins $ - 20 gold pieces Weapons k - 8 +0 arrows c - 36 +2 orcish arrows L - 28 +0 orcish arrows b - a +1 orcish bow (weapon in right hand) T - a blessed +0 dagger d - a blessed +1 orcish dagger (alternate weapon; not wielded) n - a +0 orcish dagger a - a +0 dwarvish short sword Armor M - an uncursed +0 dwarvish iron helm (being worn) H - a blessed +0 orcish helm S - an uncursed +0 pair of iron shoes (being worn) C - an uncursed +2 cloak of displacement (being worn) Comestibles g - 2 uncursed food rations f - 2 uncursed tripe rations Rings y - an uncursed ring of fire resistance Tools U - a crystal ball (0:7) o - a cursed lock pick l - an uncursed oil lamp X - a rusty +0 pick-axe Gems/Stones R - a cursed jade stone P - an uncursed flint stone Cyc the Ranger's attributes: Background: You were a Lookout, a level 3 female orcish Ranger. You were chaotic, on a mission for Mars who was opposed by Mercury (lawful) and Venus (neutral). You were right-handed. You were in the Gnomish Mines, on level 3. You entered the dungeon 1795 turns ago. You had 68 experience points, 12 more were needed to attain level 4. Your score was 402 before end-of-game adjustments. Basics: You had 0 out of 25 hit points. You had all 8 energy points (spell power). Your armor class was 3. Your wallet contained 20 zorkmids. Autopickup was on for '0' plus thrown, with exceptions. Final Characteristics: Your strength was 15 (limit:18/50). Your dexterity was 11 (limit:18). Your constitution was 15 (limit:18). Your intelligence was 13 (limit:16). Your wisdom was 16 (limit:16). Your charisma was 7 (limit:16). Final Status: You were temporarily blind. You were deaf. You weren't hungry. You were unencumbered. You were wielding a bow. You had basic skill with bow. Final Attributes: You were devoutly aligned. You were poison resistant. You had automatic searching. You had infravision. You were displaced. You were warded. You are dead. Miscellaneous: You never encountered a bones level. Total elapsed playing time was 1 hour, 25 minutes and 18 seconds. Major events: Turn 1: cyc the chaotic female orcish Ranger entered the dungeon 1142: entered the Gnomish Mines 1524: attained the rank of Lookout (level 3) 1795: killed by a wererat Vanquished creatures: a gnome leader 2 dwarves 2 iguanas 3 giant rats 9 gnomes 7 jackals 2 goblins 2 grid bugs 2 lichens 6 newts 36 creatures vanquished. No species were genocided or became extinct. Voluntary challenges: You read items or engraved 1 time. You never engraved Elbereth. You never genocided any monsters. You never polymorphed an object. You never changed form. You used no wishes. Achievements: You entered a shop. You entered the Gnomish Mines. You attained the rank of Lookout. The Dungeons of Doom: levels 1 to 2 Level 1: A fountain. Level 2: "emptybox" A general store. Stairs down to The Gnomish Mines. The Gnomish Mines: Level 3: <- You were here. Final resting place for you, killed by a wererat. Game over: ---------- / \ / REST \ / IN \ / PEACE \ / \ | cyc | | 20 Au | | killed by a | | wererat | | | | | | 2024 | *| * * * | * _________)/\\_//(\/(/\)/\//\/|_)_______ Goodbye cyc the Ranger... You died in The Gnomish Mines on dungeon level 3 with 400 points, and 20 pieces of gold, after 1795 moves. You were level 3 with a maximum of 25 hit points when you died.